 Dungeon Crawl Stone Soup version 0.30-a0-51-g784eafce7f (webtiles) character file.

Game seed: 16647872220165661266

105 BritishOli the Trooper (level 4, -1/37 HPs)
             Began as a Demonspawn Fighter on Sept 6, 2022.
             Killed from afar by Sigmund (10 damage)
             ... with a bolt of dispelling energy
             ... on level 3 of the Dungeon.
             The game lasted 00:02:58 (1887 turns).

BritishOli the Trooper (Demonspawn Fighter)         Turns: 1887, Time: 00:02:58

Health: -1/37      AC: 10    Str: 18    XL:     4   Next: 53%
Magic:  4/4        EV:  9    Int:  9    God:
Gold:   122        SH:  5    Dex: 13    Spells: 3/3 levels left

rFire   . . .      SeeInvis .    a - +0 long sword
rCold   . . .      Faith    .    c - +0 buckler
rNeg    . . .      Spirit   .    b - +0 scale mail
rPois   .          Reflect  .    (helmet restricted)
rElec   .          Harm     .    (no cloak)
rCorr   .          Rampage  .    (no gloves)
Will    .....                    (no boots)
Stlth   ..........               (no amulet)
HPRegen 0.12/turn                h - +4 ring of protection
MPRegen 0.09/turn                (no ring)

@: no status effects
A: antennae 1, foul stench 1, powered by death 1
a: no special abilities


You were on level 3 of the Dungeon.
You visited 1 branch of the dungeon, and saw 3 of its levels.

You collected 122 gold pieces.

Inventory:

Hand Weapons
 a - a +0 long sword (weapon)
Armour
 b - a +0 scale mail (worn)
 c - a +0 buckler (worn)
Jewellery
 h - a +4 ring of protection (left hand)
 o - a ring of fire
Scrolls
 d - a scroll of teleportation {unknown}
 e - 2 scrolls of identify {unknown}
 f - a scroll of fear {unknown}
 g - 3 scrolls of poison {unknown}
 i - 2 scrolls of blinking {unknown}
 m - a scroll of vulnerability {unknown}
 n - a scroll of enchant armour {unknown}
Potions
 j - a potion of degeneration {unknown}
 k - a potion of magic {unknown}
 l - a potion of haste {unknown}
 p - a potion of brilliance {unknown}


   Skills:
 + Level 3.7 Fighting
 + Level 2.6 Long Blades
 + Level 3.3 Armour
 + Level 3.3 Shields


You had 3 spell levels left.
You didn't know any spells.
Your spell library contained the following spells:

 Spells                   Type           Power      Damage    Failure   Level
 Beastly Appendage        Tmut           0%         N/A       86%         1
 Sandblast                Erth           0%         2d4       86%         1
 Summon Small Mammal      Summ           0%         N/A       86%         1
 Passwall                 Tmut/Erth      0%         N/A       94%         2
 Wereblood                Tmut           0%         N/A       94%         2
 Call Canine Familiar     Summ           0%         N/A       99%         3
 Spider Form              Tmut/Pois      0%         N/A       99%         3
 Stone Arrow              Conj/Erth      0%         3d7       99%         3
 Summon Guardian Golem    Hex/Summ       0%         N/A       99%         3


Dungeon Overview and Level Annotations

Branches:
Dungeon (3/15)

Altars:

Shops:
D:1 [([

Annotations:
D:3 Sigmund


Innate Abilities, Weirdness & Mutations

You have a pair of small antennae on your head.
You may rarely emit foul miasma when damaged in melee.
You regenerate a little health from kills.


Message History

You block the orc's attack.
You slash the orc!
You kill the orc!
The orc hits you but does no damage. The orc closely misses you.
You hit the orc.
The orc is heavily wounded.
You block the orc's attack. The orc hits you but does no damage.
You slash the orc!
You kill the orc!
You block the orc's attack. You block the orc's attack.
You barely miss the orc. The orc barely misses you. The orc closely misses you.
You hit the orc but do no damage. The orc barely misses you.
You slash the orc!
You kill the orc!
No target in view!
No target in view!
HP restored.
Items here: ( ) [ †.
You open the door.
Found a stone staircase leading down.
No target in view!
Key pressed, stopping explore.
No target in view!
Key pressed, stopping explore.
No target in view!
Sigmund the Dreaded comes into view.
He is wielding a +0 scythe and carrying a wand of quicksilver (10).
Sigmund shouts!
You hear an angry hiss.
You hear a shout!
Sigmund hits you from afar with a +0 scythe.
Sigmund is nearby!
Sigmund is nearby!
An orc comes into view. It is wielding a +0 falchion.
Sigmund zaps a wand.
The bolt of dispelling energy hits you!!
Sigmund attacks as you move away! Sigmund completely misses you.
Sigmund says, "I'm your fate."
Sigmund zaps a wand.
The bolt of dispelling energy hits you.
* * * LOW HITPOINT WARNING * * *
Sigmund zaps a wand.
The bolt of dispelling energy hits you!
You die...

....#...............+
.................|..#
........####........#
....................########
.......#....................
.......#..##......)#########
...........+.......####
..........##.......)..#######
................@..)..'.....>
#........)...######.
.....#.......# #............#
#.#........@.# #
#..........###
............o.#
....#.#.....#..#
....#.#.....#.....


You could see Sigmund and an orc.

Vanquished Creatures
  An orc priest (D:3)
  3 adders
  2 dart slugs (D:1)
  3 orcs (D:3)
  4 bats
  An endoplasm (D:1)
  2 giant cockroaches (D:1)
  4 hobgoblins
  6 kobolds
  3 quokkas (D:1)
  3 ball pythons
  2 frilled lizards (D:1)
  2 goblins (D:2)
  5 rats
41 creatures vanquished.

Notes
Turn   | Place    | Note
-------+----------+-------------------------------------------
     0 | D:1      | BritishOli the Demonspawn Fighter began the quest for the
                  | Orb.
     0 | D:1      | Reached XP level 1. HP: 18/18 MP: 1/1
   289 | D:1      | Found Foarozxi's Weapon Emporium.
   356 | D:1      | Gained mutation: You regenerate a little health from kills.
                  | [demonic ancestry]
   356 | D:1      | Reached XP level 2. HP: 23/24 MP: 2/2
   362 | D:1      | Found Pahu Sidgh's Armour Boutique.
   795 | D:1      | Found a faded altar of an unknown god.
   929 | D:1      | Found Ucaig's Armour Shoppe.
  1248 | D:2      | Gained mutation: You may rarely emit foul miasma when
                  | damaged in melee. [demonic ancestry]
  1248 | D:2      | Reached XP level 3. HP: 29/29 MP: 3/3
  1735 | D:3      | Gained mutation: You have a pair of small antennae on your
                  | head. [demonic ancestry]
  1735 | D:3      | Reached XP level 4. HP: 35/35 MP: 4/4
  1878 | D:3      | Noticed Sigmund
  1887 | D:3      | Killed from afar by Sigmund

Illustrated notes

Levels and vault maps discovered:
D:1:      heliophobic_arrival_battle_scene, layout_loops_corners,
          ebering_ecumenical_altar_sacrificial, serial_shops,
          nicolae_shop_hallway_plus,
          nicolae_shop_temple_entry_statues_fountains,
          nicolae_shop_window_shopping
D:2:      layout_rooms, nicolae_kite_square_tiling_tiny, minmay_distorted
D:3:      layout_basic, minmay_bisected, uniq_sigmund

Skill      XL: |  1  2 |
---------------+-------+-----
Long Blades    | 2 |  2.6
Armour         | 3 |  3.3
Shields        | 3 |  3.3
Fighting       | |  3.7

Action                   |  1- 3 |  4- 6 || total
-------------------------+-------+-------++-------
Melee: Long sword        |   115 |    24 ||   139
  Use: Potion            |     1 |       ||     1
Armor: Scale mail        |    75 |     9 ||    84
Dodge: Dodged            |    56 |    14 ||    70
Block: Buckler           |    27 |     7 ||    34

Table legend: (Time is in decaauts)
 A = Elapsed time spent in this place.
 B = Non-inter-level travel time spent in this place.
 C = Inter-level travel time spent in this place.
 D = Time resting spent in this place.
 E = Time spent auto-exploring this place.
 F = Levels seen in this place.
 G = Mean time per level.
                   A        B        C        D        E       F      G
               +--------+--------+--------+--------+--------+-----+--------+
         Total |   1932 |   1885 |     47 |      3 |   1538 |   3 |  644.0 |
       Dungeon |   1932 |   1885 |     47 |      3 |   1538 |   3 |  644.0 |
               +--------+--------+--------+--------+--------+-----+--------+

Top non-repeatable levels by time:
     D:1: 1227 daAuts
     D:2: 521 daAuts
     D:3: 182 daAuts
